Map: 匹昂台地

Players

Gentleprobe (Cyan)

  • Race: Protoss Protoss
  • League: Master

全家老小一波流

  • Race: Protoss Protoss

高冷小傲娇

  • Race: Zerg Zerg

哈大哈傻瓜

  • Race: Zerg Zerg
  • League: Gold

VOD

Have the link to the VOD?

Description

Time

  • Played on: Feb. 6, 2016, 12:55 a.m.
  • Length: 5:31
Show
View Real Time Build Order
Export as new Build Order

Gentleprobe Protoss 

Build Orders: 1 Gate Expand, Mass Adepts 

Get SALT Encoding   

  12  0:01  Probe (Chrono Boost)  
  13  0:11  Probe (Chrono Boost)  
  14  0:17  Pylon  
  14  0:22  Probe (Chrono Boost)  
  16  0:35  Probe (Chrono Boost)  
  16  0:39  Gateway  
  16  0:46  Probe (Chrono Boost)  
  17  0:56  Probe (Chrono Boost)  
  18  1:07  Probe (Chrono Boost)  
  19  1:18  Nexus  
  19  1:20  Probe (Chrono Boost)  
  19  1:25  Assimilator  
  20  1:29  Assimilator  
  21  1:32  Probe (Chrono Boost)  
  21  1:42  Cybernetics Core  
  21  1:45  Probe (Chrono Boost)  
  22  1:52  Pylon  
  22  1:56  Probe (Chrono Boost)  
  23  2:10  Probe (Chrono Boost)  
  24  2:19  Adept (Chrono Boost), Warp Gate (Chrono Boost)  
  24  2:21  Probe  
  27  2:28  Probe  
  27  2:29  Twilight Council  
  27  2:33  Probe (Chrono Boost)  
  29  2:40  Probe (Chrono Boost)  
  29  2:42  Adept (Chrono Boost)  
  32  2:45  Probe (Chrono Boost)  
  33  2:53  Probe (Chrono Boost)  
  35  2:58  Probe (Chrono Boost)  
  35  3:02  Probe (Chrono Boost)  
  35  3:04  Resonating Glaives (Chrono Boost)  
  36  3:09  Probe  
  37  3:13  Probe, Gateway  
  37  3:16  Gateway  
  38  3:21  Probe  
  38  3:23  Adept  
  38  3:24  Probe  
  42  3:33  Probe  
  43  3:34  Probe  
  44  3:44  Gateway  
  44  3:46  Gateway  
  45  3:48  Probe  
  45  3:53  Probe  
  46  3:59  Gateway  
  46  4:03  Pylon  
  46  4:04  Gateway  
  46  4:17  Pylon x2  
  46  4:22  Gateway  
  46  4:29  Adept x3  
  52  4:45  Adept x2  
  56  4:50  Pylon  
  56  4:53  Pylon  
  56  4:57  Pylon  
  56  4:58  Adept x5  
  64  5:13  Adept x2  
  60  5:25  Adept x2  
  60  5:26  Adept x4  
Show
View Real Time Build Order
Export as new Build Order

全家老小一波流 Protoss 

Build Orders:  

Get SALT Encoding   

  12  0:01  Drone  
  13  0:11  Drone  
  14  0:17  Overlord  
  14  0:37  Drone x3  
  17  0:49  Drone  
  18  1:02  Spawning Pool  
  17  1:16  Hatchery  
  16  1:23  Drone x3  
  19  1:46  Hatchery  
  18  1:51  Zergling x2  
  19  1:57  Queen  
  19  2:01  Drone  
  22  2:07  Overlord  
  22  2:29  Queen  
  24  2:32  Zergling x4  
  26  2:43  Drone  
  26  2:44  Drone  
  28  2:49  Zergling x4, Extractor  
  28  3:00  Overlord  
  28  3:03  Queen  
  30  3:08  Drone x5  
  30  3:09  Extractor  
  34  3:28  Queen  
  35  3:41  Drone x5  
  35  3:43  Overlord x2  
  36  4:07  Lair  
  36  4:08  Roach Warren  
  35  4:10  Zergling x2  
  35  4:11  Zergling x8  
  40  4:20  Drone x5  
  45  4:52  Roach x5  
  51  5:03  Roach  
  51  5:06  Roach x2  
  55  5:07  Roach x3  
Show
View Real Time Build Order
Export as new Build Order

高冷小傲娇 Zerg 

Build Orders:  

Get SALT Encoding   

Show
View Real Time Build Order
Export as new Build Order

哈大哈傻瓜 Zerg 

Build Orders:  

Get SALT Encoding   

Tags
 
Add a new tag
Caveats
  • Supply blocks, unpowered buildings, or Contaminate may cause inaccurate times.
  • Supply counts are checked every 10 seconds.